 Dungeon Crawl Stone Soup version 0.27.0-1-g7a089689b8 (webtiles) character file.

Game seed: 2303387447004910733

172 Thatpatchoflichen the Magician (level 5, -3/28 HPs)
             Began as a Deep Elf Hedge Wizard on Aug 14, 2021.
             Slain by an orc warrior (15 damage)
             ... on level 3 of the Dungeon.
             The game lasted 00:16:56 (5501 turns).

Thatpatchoflichen the Magician (DEWz)               Turns: 5501, Time: 00:16:57

Health: -3/28      AC:  5    Str:  7    XL:     5   Next: 27%
Magic:  15/16      EV: 27    Int: 20    God:
Gold:   138        SH:  0    Dex: 14    Spells: 8/15 levels left

rFire    . . .     SeeInvis .   a - +0 dagger
rCold    . . .     Faith    .   (no shield)
rNeg     . . .     Spirit   .   j - +0 ring mail
rPois    .         Reflect  .   c - +0 hat
rElec    .         Harm     .   (no cloak)
rCorr    .         Rampage  .   (no gloves)
Will     .....                  (no boots)
Stlth    ++........             m - amulet of the acrobat
HPRegen  1.09/turn              p - +4 ring of slaying
MPRegen  0.15/turn              (no ring)

@: acrobatic
A: hooves 1, high mp 1, regeneration 1, sturdy frame 1
a: no special abilities


You were on level 3 of the Dungeon.
You visited 1 branch of the dungeon, and saw 4 of its levels.

You collected 138 gold pieces.

Inventory:

Hand Weapons
 a - a +0 dagger (weapon)
Missiles
 i - 30 arrows
 k - 117 stones
 l - 33 bolts
 s - 73 sling bullets
Armour
 b - a +0 robe
 c - a +0 hat (worn)
 j - a +0 ring mail (worn)
Jewellery
 m - an amulet of the acrobat (around neck)
 p - a +4 ring of slaying (left hand)
 u - an amulet of magic regeneration
Scrolls
 d - a scroll of noise
 e - 3 scrolls of teleportation
 f - a scroll of fog {unknown}
 h - a scroll of magic mapping
 n - a scroll of torment {unknown}
 o - 2 scrolls of enchant armour
 r - a scroll of immolation {unknown}
 t - a scroll of summoning {unknown}
Potions
 g - a potion of haste
 q - 3 potions of invisibility
 v - a potion of curing
 w - a potion of cancellation {unknown}
 x - a potion of heal wounds {unknown}


   Skills:
 - Level 4.0 Dodging
 - Level 2.4 Stealth
 + Level 5.9 Spellcasting
 + Level 3.2 Conjurations
 - Level 2.0 Summonings
 - Level 1.1 Translocations


You had 8 spell levels left.
You knew the following spells:

 Your Spells              Type           Power      Damage    Failure   Level
a - Magic Dart            Conj           76%        1d6       5%          1
b - Call Imp              Summ           13%        N/A       14%         2
c - Blink                 Tloc           N/A        N/A       21%         2
d - Slow                  Hex            5%         N/A       30%         2

Your spell library contained the following spells:

 Spells                   Type           Power      Damage    Failure   Level
 Conjure Flame            Conj/Fire      12%        6-21      30%         3
 Mephitic Cloud           Conj/Pois/Air  10%        N/A       36%         3
 Alistair's Intoxication  Tmut/Pois      3%         N/A       99%         5
 Borgnjor's Vile Clutch   Necr/Erth      2%         N/A       99%         5
 Eringya's Noxious Bog    Tmut/Pois      2%         N/A       100%        6


Dungeon Overview and Level Annotations

Branches:
Dungeon (4/15)
 Temple: D:4-7

Altars:
Elyvilon

Shops:
D:1 [

Annotations:
D:3 3 runed translucent doors, trckry's ghost, amateur OgWr
D:4 2 runed translucent doors


Innate Abilities, Weirdness & Mutations

You have large cloven feet.
You have an increased reservoir of magic. (+10% MP)
Your natural rate of healing is unusually fast.
Your movements are slightly less encumbered by armour. (ER -2)


Message History

Orders for allies: a - Attack new target. r - Retreat! s - Stop attacking. g - Guard the area. f - Follow me.
Anything else - Cancel.
Okay, then.
There is a stone staircase leading up here.
The kobold hits you with a +0 short sword.
You climb upwards.
Level annotation: 3 runed translucent doors, trckry's ghost, amateur OgWr
There is a stone staircase leading down here.
You closely miss the kobold. Your kick misses the kobold.
The kobold hits you but does no damage.
You closely miss the kobold. Your kick misses the kobold.
The kobold hits you with a +0 short sword.
You closely miss the kobold. The kobold barely misses you.
You closely miss the kobold.
The kobold hits you with a +0 short sword.
You hit the kobold.
You kill the kobold!
You start resting.
HP restored.
You climb downwards.
Level annotation: 2 runed translucent doors
There is a stone staircase leading up here.
You climb upwards.
Level annotation: 3 runed translucent doors, trckry's ghost, amateur OgWr
There is a stone staircase leading down, spattered with blood here.
Casting: Call Imp (safe; 14% risk of failure)
Confirm with . or Enter, or press ? or * to list all spells.
A metallic apparition takes form in the air.
The orc warrior hits you with a +0 short sword.
The orc warrior hits you with a +0 short sword!
Things that are here:
a +0 short sword; a kobold corpse The orc warrior hits you with a +0 short sword!
* * * LOW HITPOINT WARNING * * *
Your iron imp barely misses the orc warrior.
The orc warrior hits you with a +0 short sword!
Ouch! That really hurt!
You die...

#################
#...............#
#.############.##
#.# #.# #.# #.# #.#
#.# #@# #.# ######
#o# #.### #....# #.#
#.... #######....#
#5# #####
...........#####.###
#######............#
#########......#
#.(.(!..#......# ##
#####.....((#...)..#
#.


You could see an orc warrior (ally target) and a friendly iron imp (summoned).

Vanquished Creatures
  4 adders
  2 dart slugs
  An orc (D:3)
  6 ball pythons
  3 endoplasms
  6 giant cockroaches
  3 goblins
  7 hobgoblins
  4 jackals
  8 kobolds
  3 quokkas
  8 bats
  3 frilled lizards
  4 rats
62 creatures vanquished.

Vanquished Creatures (collateral kills)
  A scorpion (D:4)
  A hound (D:4)
  An adder (D:2)
  A worm (D:3)
  3 orcs (D:4)
  2 hobgoblins (D:3)
  2 jackals (D:2)
  A quokka (D:3)
  A kobold (D:2)
13 creatures vanquished.

Grand Total: 75 creatures vanquished

Notes
Turn   | Place    | Note
-------+----------+-------------------------------------------
     0 | D:1      | Thatpatchoflichen the Deep Elf Hedge Wizard began the quest
                  | for the Orb.
     0 | D:1      | Reached XP level 1. HP: 10/10 MP: 7/7
   585 | D:1      | Found a faded altar of an unknown god.
   628 | D:1      | Reached XP level 2. HP: 15/15 MP: 9/9
  1303 | D:1      | Found Gution's Armour Shop.
  1442 | D:1      | Learned a level 2 spell: Call Imp
  1445 | D:1      | Learned a level 2 spell: Blink
  1448 | D:1      | Learned a level 2 spell: Slow
  1905 | D:2      | Reached XP level 3. HP: 10/19 MP: 9/11
  2439 | D:2      | Reached skill level 5 in Spellcasting
  2956 | D:3      | Found a runed translucent gate.
  3199 | D:3      | Reached XP level 4. HP: 24/24 MP: 8/13
  3431 | D:3      | Found a runed translucent gate.
  3431 | D:3      | Found a runed translucent gate.
  3446 | D:3      | Noticed trckry's ghost (amateur OgWr)
  3785 | D:3      | Found a white marble altar of Elyvilon.
  4352 | D:4      | Found a large runed translucent door.
  4353 | D:4      | Found a large runed translucent door.
  4354 | D:4      | Noticed a scorpion
  4371 | D:4      | Killed a scorpion
  4372 | D:4      | Reached XP level 5. HP: 28/28 MP: 6/15
  5058 | D:3      | Gained mutation: Your movements are slightly less
                  | encumbered by armour. (ER -2) [potion of mutation]
  5058 | D:3      | Gained mutation: You have an increased reservoir of magic.
                  | (+10% MP) [potion of mutation]
  5058 | D:3      | Gained mutation: You have large cloven feet. [potion of
                  | mutation]
  5058 | D:3      | Gained mutation: Your natural rate of healing is unusually
                  | fast. [potion of mutation]
  5442 | D:4      | Noticed an orc warrior
  5501 | D:3      | Slain by an orc warrior

Illustrated notes

Levels and vault maps discovered:
D:1:      erik_arrival_triangle_small, layout_basic, serial_aquarium,
          aquarium_bridge_square [aquarium_subvault_bridge,
          aquarium_subvault_wall, aquarium_subvault_wall,
          aquarium_subvault_bridge], aquarium_window_1, aquarium_window_fake,
          aquarium_window_3, aquarium_view_2c, aquarium_balcony_double_4,
          serial_shops, nicolae_shop_behind_doors, basic_ecumenical_altar,
          minmay_misc_feat_ornament, minmay_misc_feat_rows
D:2:      layout_basic
D:3:      kennysheep_big_flooded_room, layout_basic, overflow_temple_1_default,
          ebering_ghost_rock_garden
D:4:      layout_cave_pools, jmf_multi_god_temple2, grunt_decor_fettered,
          guppyfry_early_orc_mine

Skill      XL: |  1  2  3  4  5 |
---------------+----------------+-----
Conjurations   | 2 3 |  3.2
Dodging        | 3 4 |  4.0
Spellcasting   | 5 |  5.9
Summonings     | 2 |  2.0
Stealth        | |  2.4
Translocations | |  1.1

Action                   |  1- 3 |  4- 6 || total
-------------------------+-------+-------++-------
Melee: Dagger            |    71 |    45 ||   116
       Kick              |       |     1 ||     1
 Cast: Magic Dart        |    84 |    26 ||   110
       Call Imp          |     4 |    15 ||    19
  Use: Scroll            |       |     8 ||     8
       Potion            |       |     1 ||     1
 Stab: Sleeping          |     3 |     2 ||     5
Armor: Robe              |    25 |     6 ||    31
       Ring mail         |       |     3 ||     3
Dodge: Dodged            |    97 |    49 ||   146
